Map: Darkness Sanctuary LE

Players

Lillekanin

  • Race: Terran Terran
  • Spawn Location: 11:00

PtitDrogo - Winner!

  • Race: Protoss Protoss
  • Spawn Location: 1:00

Event: WCS Valencia 2018

VOD

Have the link to the VOD?

Description

Time

  • Played on: July 12, 2018, 10:06 a.m.
  • Length: 6:52

All games in this series

Show
View Real Time Build Order
Export as new Build Order

Lillekanin Terran 

Build Orders: 1/1/1 

Get SALT Encoding   

  12  0:00  SCV  
  13  0:13  SCV  
  14  0:18  Supply Depot  
  14  0:25  SCV  
  15  0:31  Refinery  
  15  0:40  SCV  
  16  0:47  Barracks  
  16  0:52  SCV  
  17  0:58  Refinery  
  17  1:04  SCV  
  18  1:16  SCV  
  20  1:35  Marine  
  20  1:36  Factory  
  20  1:43  Orbital Command  
  20  1:56  Barracks Reactor  
  20  2:06  Supply Depot  
  20  2:09  SCV  
  21  2:21  SCV  
  22  2:25  Starport  
  22  2:29  Factory Tech Lab  
  22  2:33  SCV  
  22  2:36  Marine  
  24  2:37  Marine  
  25  2:45  SCV  
  26  2:53  Siege Tank  
  26  2:57  Supply Depot  
  30  3:06  Medivac  
  30  3:10  Supply Depot  
  31  3:15  Barracks  
  31  3:19  Marine  
  32  3:21  Marine  
  33  3:35  Siege Tank  
  33  3:36  Marine  
  37  3:42  Marine, Starport Tech Lab  
  38  3:54  Supply Depot  
  38  3:55  Marine  
  39  4:00  Marine  
  39  4:02  Barracks Tech Lab  
  40  4:05  Raven  
  42  4:13  Marine  
  43  4:18  Marine  
  43  4:20  Marine  
  45  4:24  Stimpack  
  45  4:30  Marine  
  46  4:36  Marine  
  46  4:38  Siege Tank  
  50  4:41  Marine  
  51  4:48  Marine  
  52  4:54  Marine  
  52  4:59  Marine  
  54  5:01  Supply Depot  
  54  5:06  Liberator, Marine  
  55  5:23  Marine x2  
  55  5:24  Marine  
  61  5:40  Marine x2  
  60  5:44  Marine  
  50  5:58  Marine x2  
  50  6:02  Marine  
  46  6:06  Medivac  
  48  6:16  Marine  
  49  6:20  Marine  
  49  6:22  Orbital Command  
  49  6:23  Marine  
Show
View Real Time Build Order
Export as new Build Order

PtitDrogo Protoss - Winner!

Build Orders: 1 Gate Expand 

Get SALT Encoding   

  12  0:00  Probe  
  13  0:13  Probe  
  14  0:18  Pylon  
  14  0:24  Probe  
  15  0:32  Probe  
  15  0:37  Gateway  
  15  0:40  Probe  
  16  0:46  Assimilator  
  17  0:51  Probe  
  18  1:03  Probe  
  20  1:25  Nexus  
  20  1:30  Cybernetics Core  
  19  1:35  Zealot  
  19  1:39  Probe  
  22  1:46  Pylon  
  22  1:57  Adept  
  22  2:00  Probe, Assimilator  
  25  2:12  Probe  
  26  2:19  Robotics Facility  
  26  2:24  Probe  
  26  2:29  Shield Battery, Stalker  
  27  2:33  Warp Gate  
  29  2:44  Probe  
  30  2:55  Probe  
  30  2:56  Probe  
  31  2:59  Immortal  
  31  3:11  Probe  
  36  3:14  Probe  
  37  3:24  Probe  
  37  3:26  Probe  
  39  3:35  Gateway  
  39  3:36  Gateway  
  39  3:43  Immortal  
  39  3:44  Sentry  
  39  3:47  Pylon  
  45  3:56  Probe  
  46  4:07  Probe  
  45  4:22  Warp Prism  
  45  4:23  Probe  
  46  4:31  Probe  
  46  4:41  Sentry, Zealot  
  49  4:54  Stalker  
  51  5:05  Pylon  
  51  5:06  Pylon  
  51  5:14  Stalker  
  51  5:16  Immortal  
  51  5:20  Pylon  
  53  5:26  Zealot x2  
  61  5:30  Probe x2  
  63  5:47  Zealot x3  
  63  5:48  Probe  
  64  5:57  Immortal  
  58  6:07  Sentry  
  58  6:08  Sentry, Stalker  
  68  6:11  Shield Battery  
  68  6:12  Shield Battery  
  68  6:26  Pylon  
  68  6:34  Stalker x3  
Tags
 
Add a new tag
Caveats
  • Supply blocks, unpowered buildings, or Contaminate may cause inaccurate times.
  • Supply counts are checked every 10 seconds.